 Dungeon Crawl Stone Soup version 0.31.0 (webtiles) character file.

Game seed: 237481224879988085

47 qw the Shooter (level 3, -1/22 HPs)
             Began as a Gargoyle Hunter on Jan 19, 2024.
             Slain by a gnoll
             ... wielding a +0 club
              (3 damage)
             ... on level 2 of the Dungeon.
             The game lasted 00:00:04 (1030 turns).

qw the Shooter (Gargoyle Hunter)                    Turns: 1030, Time: 00:00:05

Health: -1/22      AC:  6    Str: 14    XL:     3   Next: 70%
Magic:  3/3        EV:  6    Int:  9    God:
Gold:   42         SH:  0    Dex: 15    Spells: 2/2 levels left

rFire   . . .        a - +0 shortbow
rCold   . . .        (shield currently unavailable)
rNeg    + . .        c - +0 leather armour
rPois   inf          (no helmet)
rElec   +            (no cloak)
rCorr   .            (no gloves)
SInv    .            (no boots)
Will    .....        (no amulet)
Stlth   ++           (no ring)
HPRegen 0.23/turn    (no ring)
MPRegen 0.08/turn

%: no passive effects
@: held
A: sickness immunity, AC +3, negative energy resistance 1, electricity
resistance, torment resistance 1, petrification resistance
a: no special abilities


You were on level 2 of the Dungeon.
You visited 1 branch of the dungeon, and saw 2 of its levels.

You collected 42 gold pieces.


Innate Abilities, Weirdness & Mutations

You are immune to sickness and miasma.
Your stone body is resilient. (AC +3)
You are immune to poison.
You resist negative energy. (rN+)
You are resistant to electric shocks. (rElec)
You are resistant to unholy torment.
You are immune to petrification.


   Skills:
 + Level 2.9 Fighting
 - Level 5.0 Ranged Weapons
 - Level 1.5 Dodging
 - Level 1.1 Stealth


You had 2 spell levels left.
You didn't know any spells.
Your spell library was empty.

Inventory:

Hand Weapons
 a - a +0 shortbow (weapon)
Armour
 c - a +0 leather armour (worn)
Scrolls
 f - a scroll of enchant armour
Potions
 b - a potion of heal wounds {unknown}
 d - a potion of curing
 i - a potion of invisibility {unknown}
 j - a potion of haste {unknown}

Dungeon Overview and Level Annotations

Branches:
Dungeon (2/15)

Altars:


Message History

You shoot an arrow. The rat squeaks loudly.
The gnoll shouts!
The rat squeaks loudly.
The arrow hits the rat but does no damage.
The rat twitches its whiskers.
A gnoll comes into view. It is wielding a +0 spear.
A gnoll comes into view.
It is wielding a +0 club and quivering 2 throwing nets.
Enter note:
Enter note:
1019 ||| RETREEEEATING.
You shoot an arrow. The arrow closely misses the rat.
You shoot an arrow. The arrow hits the rat.
You kill the rat!
You shoot an arrow. The arrow hits the hobgoblin!
You kill the hobgoblin!
A gnoll comes into view. It is wielding a +0 spear.
You shoot an arrow. The arrow hits the rat.
You kill the rat!
You shoot an arrow. The arrow hits the gnoll.
The gnoll is heavily wounded.
You shoot an arrow.
The arrow hits the gnoll but does no damage.
The gnoll is heavily wounded.
The gnoll hits you with a +0 flail.
You shoot an arrow. The arrow hits the gnoll.
The gnoll is almost dead.
The gnoll hits you from afar with a +0 spear.
The gnoll hits you with a +0 flail!
You shoot an arrow. The arrow barely misses the gnoll.
The arrow hits the gnoll.
The gnoll is moderately wounded.
The gnoll hits you from afar with a +0 spear.
The gnoll hits you but does no damage.
Enter note:
1028 ||| RETREEEEATING.
The gnoll throws a throwing net.
The throwing net hits you.
You become entangled in the net!
You see here a throwing net.
You tear a large gash into the net.
You struggle against the net.
The gnoll hits you with a +0 club.
You die...

....... .......
....... #####
....... ##...##
..... ##.....## ..#
... #.......#
g....#g####.......#
#..ggg@........#
#...#>######.....##
. ..... ##.....##
... .... #.......#
#........##...^...#
#. ...............#
#. ... #.(.....##
#. #.# ##.....###
..##.##.#
##..........


You could see 4 gnolls.

Vanquished Creatures
  An adder (D:2)
  6 endoplasms
  A giant cockroach (D:2)
  6 goblins
  4 hobgoblins
  2 jackals (D:1)
  3 kobolds (D:1)
  3 quokkas (D:1)
  2 ball pythons (D:1)
  A bat (D:1)
  A frilled lizard (D:1)
  3 rats
33 creatures vanquished.

Notes
Turn   | Place    | Note
-------+----------+-------------------------------------------
     0 | D:1      | qw the Gargoyle Hunter began the quest for the Orb.
     0 | D:1      | Reached XP level 1. HP: 12/12 MP: 1/1
     0 | D:1      | 0 ||| qw: Version: 0.3-a-132-g3d54051
     0 | D:1      | 0 ||| qw: Game counter: 374
     0 | D:1      | 0 ||| qw: Melee chars always use a shield: true
     0 | D:1      | 0 ||| qw: God list: Okawaru
     0 | D:1      | 0 ||| qw: Allow faded altars: false
     0 | D:1      | 0 ||| qw: Do Orc after clearing Dungeon:15 true
     0 | D:1      | 0 ||| qw: Do second Lair branch before Depths: true
     0 | D:1      | 0 ||| qw: Lair rune preference: random
     0 | D:1      | 0 ||| qw: Goals: Normal
     0 | D:1      | 0 ||| PLANNING D:1-11
   199 | D:1      | Reached XP level 2. HP: 17/17 MP: 2/2
   565 | D:1      | Reached XP level 3. HP: 21/21 MP: 3/3
   583 | D:1      | Reached skill level 5 in Ranged Weapons
   794 | D:1      | 794 ||| READING scroll labelled ELU HIVYCAINUO.
   799 | D:1      | 799 ||| READING 2 scrolls labelled REAZUA DOFE.
   799 | D:1      | 799 ||| ENCHANTING +0 shortbow.
   800 | D:1      | 800 ||| READING 2 scrolls labelled TEFUOG VOCOVO.
   801 | D:1      | 801 ||| READING scroll labelled ZOATUGE VOABUC.
   902 | D:1      | 902 ||| DRINKING 2 fuming puce potions.
   903 | D:1      | 903 ||| DROPPING scroll of butterflies.
   904 | D:1      | 904 ||| DROPPING scroll of poison.
  1019 | D:2      | 1019 ||| RETREEEEATING.
  1027 | D:2      | HP: 1/22 [gnoll/+0 spear (5)]
  1028 | D:2      | 1028 ||| RETREEEEATING.
  1030 | D:2      | Slain by a gnoll

Levels and vault maps discovered:
D:1:      saegor_arrival_simple_b, layout_loops_corners
D:2:      layout_rooms, basic_altar

Skill      XL: |  1  2  3 |
---------------+----------+-----
Ranged Weapons | 5 |  5.0
Fighting       | |  2.9
Dodging        | |  1.5
Stealth        | |  1.1

Action                     || total
---------------------------++-------
   Fire: Shortbow          ||    96
    Use: Scroll            ||     4
         Potion            ||     1
 Armour: Leather armour    ||    21
  Dodge: Dodged            ||     9

Table legend:
 A = Non-vault XP
 B = Vault XP
 C = Vault XP percentage of total XP
 D = Non-vault monster count
 E = Vault monster count
 F = Vault count percentage of total count
                 A         B        C        D         E       F
            +---------+---------+-------+---------+---------+-------
      Total |      68 |       0 |   0.0 |      33 |       0 |   0.0
            +---------+---------+-------+---------+---------+-------
        D:1 |      45 |       0 |   0.0 |      26 |       0 |   0.0
        D:2 |      23 |       0 |   0.0 |       7 |       0 |   0.0
            +---------+---------+-------+---------+---------+-------
